AoeStats
← DeftHu3

Arabia

508941181Analyzed
1v1 RM · 7d ago on Sep 24, 2026· 70m 8s· 2 players
Game mode
Random Map
Map size
Tiny (2 player)
Population
200
Speed
Normal
Resources
Standard
Victory
Conquest
Starting age
Dark Age
Ending age
Imperial Age
RankedLock teamsTeams togetherTeam positionsShared explorationLock speedFull tech treeHidden civsTurbo modeCheats
Victory
Defeat
🇧🇷 Goths · Brazil
976
+17
🇺🇸 Byzantines · United States
1001
-17
DeftHu3
0:25 Loom
9:49 Feudal Age
11:25 Man-at-Arms
13:32 Horse Collar
20:23 Double-Bit Axe
23:17 Castle Age
21:53 Wheelbarrow
21:03 Town Watch
21:24 Padded Archer Armor
21:27 Scale Mail Armor
22:41 Forging
23:14 Stone Mining
24:13 Chain Mail Armor
24:24 Squires
25:42 Stone Shaft Mining
27:10 Long Swordsman
30:27 Iron Casting
30:35 Anarchy
30:25 Pikeman
34:15 Gold Mining
34:48 Bow Saw
37:38 Imperial Age
35:41 Heavy Plow
36:40 Town Patrol
39:12 Conscription
38:18 Elite Huskarl
40:18 Halberdier
42:15 Blast Furnace
41:21 Two-Handed Swordsman
44:27 Perfusion
43:52 Champion
47:28 Two-Man Saw
47:32 Crop Rotation
ltfarg
7:15 Loom
11:26 Feudal Age
11:52 Double-Bit Axe
11:49 Horse Collar
18:21 Wheelbarrow
22:08 Castle Age
20:38 Stone Mining
23:27 Bow Saw
25:09 Fletching
26:04 Bodkin Arrow
26:23 Heavy Plow
26:52 Padded Archer Armor
26:24 Elite Skirmisher
28:51 Thumb Ring
29:06 Forging
30:01 Ballistics
34:34 Imperial Age
34:20 Hand Cart
34:51 Husbandry
36:17 Chemistry
36:43 Conscription
36:37 Bracer
36:43 Scale Barding Armor
39:57 Logistica
43:16 Elite Cataphract
44:44 Iron Casting
47:13 Chain Barding Armor
56:08 Light Cavalry
57:37 Hussar
Connection lost

Rejoining the realm…

Still unreachable

The connection could not be restored.

Session expired

The server has moved on; the page needs a fresh start.